 Dungeon Crawl Stone Soup version 0.28.0-1-gb440e238dd (webtiles) character file.

Game seed: 3818897369414861670

2 hikkokomori the Digger (level 1, 0/10 HPs)
             Began as a Gargoyle Earth Elementalist on Feb 20, 2022.
             Slain by a giant cockroach (2 damage)
             ... on level 1 of the Dungeon.
             The game lasted 00:01:01 (70 turns).

hikkokomori the Digger (Gargoyle Earth Elementalist)  Turns: 70, Time: 00:01:02

Health: 0/10       AC:  4    Str: 11    XL:     1   Next: 40%
Magic:  3/3        EV: 11    Int: 15    God:
Gold:   0          SH:  0    Dex: 10    Spells: 3/4 levels left

rFire   . . .      SeeInvis .   a - +0 whip
rCold   . . .      Faith    .   (no shield)
rNeg    + . .      Spirit   .   b - +0 robe
rPois   ∞          Reflect  .   (no helmet)
rElec   +          Harm     .   (no cloak)
rCorr   .          Rampage  .   (no gloves)
Will    .....                   (no boots)
Stlth   ++........              (no amulet)
HPRegen 0.03/turn               (no ring)
MPRegen 0.08/turn               (no ring)

@: no status effects
A: sickness immunity, AC +2, negative energy resistance 1, electricity
resistance, torment resistance 1, petrification resistance
a: no special abilities


You were on level 1 of the Dungeon.
You visited 1 branch of the dungeon, and saw 1 of its levels.

Inventory:

Hand Weapons
 a - a +0 whip (weapon)
Missiles
 c - 28 stones
Armour
 b - a +0 robe (worn)


   Skills:
 - Level 1.5 Dodging
 - Level 2.1 Stealth
 + Level 2.1 Spellcasting
 - Level 0.7 Transmutations
 + Level 3.7 Earth Magic


You had 3 spell levels left.
You knew the following spells:

 Your Spells              Type           Power      Damage    Failure   Level
a - Sandblast             Erth           24%        2d8       4%          1

Your spell library contained the following spells:

 Spells                   Type           Power      Damage    Failure   Level
 Passwall                 Tmut/Erth      6%         N/A       13%         2
 Pain                     Necr           4%         1d4       22%         1
 Stone Arrow              Conj/Erth      14%        3d7       30%         3
 Petrify                  Tmut/Erth      8%         N/A       65%         4
 Agony                    Necr           1%         N/A       99%         5
 Excruciating Wounds      Necr           0%         N/A       99%         5


Dungeon Overview and Level Annotations

Branches:
Dungeon (1/15)

Altars:


Innate Abilities, Weirdness & Mutations

You are immune to sickness and miasma.
Your stone body is resilient. (AC +2)
You are immune to poison.
You resist negative energy. (rN+)
You are resistant to electric shocks. (rElec)
You are resistant to unholy torment.
You are immune to petrification.


Message History

You pick up a book of Pain and begin reading...
You add the spells Pain, Agony and Excruciating Wounds to your library.
Okay, then.
Magic restored.
You open the door.
A goblin comes into view. It is wielding a +0 club.
There is an open door here.
A giant cockroach comes into view.
The goblin shouts!
The goblin closely misses you.
You hit the goblin.
You kill the goblin!
An endoplasm comes into view.
The giant cockroach closely misses you.
You barely miss the giant cockroach.
The giant cockroach completely misses you.
You barely miss the giant cockroach.
The giant cockroach bites you but does no damage. x2
You closely miss the giant cockroach.
The giant cockroach bites you but does no damage.
You barely miss the giant cockroach.
The endoplasm quivers.
The giant cockroach barely misses you.
You hit the endoplasm.
The endoplasm is heavily wounded.
The giant cockroach bites you. The endoplasm freezes you.
You are frozen.
The giant cockroach barely misses you. The endoplasm closely misses you.
You are too injured to fight recklessly!
You are too injured to fight recklessly!
The giant cockroach bites you.
You hit the giant cockroach.
The giant cockroach is almost dead.
The giant cockroach bites you.
* * * LOW HITPOINT WARNING * * *
You completely miss the giant cockroach.
The giant cockroach is almost dead.
The giant cockroach bites you.
You die...

############
#..........####
##.............
#.............
########..........)..
#)JB@..'.............
#......#####.........####
#......# #.........#
#....... #.........#
#......# #.........####
#....... #.............
#....... ##############
#....... # #


You could see an endoplasm and a giant cockroach.

Vanquished Creatures
  A goblin (D:1)
  A kobold (D:1)
  A rat (D:1)
3 creatures vanquished.

Notes
Turn   | Place    | Note
-------+----------+-------------------------------------------
     0 | D:1      | hikkokomori the Gargoyle Earth Elementalist began the quest
                  | for the Orb.
     0 | D:1      | Reached XP level 1. HP: 10/10 MP: 3/3
    70 | D:1      | Slain by a giant cockroach

Illustrated notes

Levels and vault maps discovered:
D:1:      dpeg_arrival_tiny_j, layout_basic, hex_large

Action                   || total
-------------------------++-------
Melee: Whip              ||     8
       Unarmed           ||     2
 Cast: Sandblast         ||     2
Armor: Robe              ||     4
Dodge: Dodged            ||     7
